 Dungeon Crawl Stone Soup version 0.19-a0-1672-g679cadd (webtiles) character file.

15910 Amnesiac the Basher (level 12, -12/123 HPs)
             Began as a Halfling Gladiator on Sept 22, 2016.
             Was a High Priest of Okawaru.
             Mangled by a minotaur
             ... wielding a +0 lightning rod (0/14)
              (19 damage)
             ... in a labyrinth.
             The game lasted 00:33:00 (16311 turns).

Amnesiac the Basher (Halfling Gladiator)           Turns: 16311, Time: 00:33:00

Health: -12/123    AC: 26    Str: 23    XL:     12   Next: 63%
Magic:  22/22      EV: 23    Int:  6    God:    Okawaru [*****.]
Gold:   247        SH: 10    Dex: 23    Spells: 1 memorised, 10 levels left

rFire  + + .     SeeInvis .     B - +1 morningstar (protect)
rCold  + . .     Gourm    .     w - +3 chain mail {rF+}
rNeg   . . .     Faith    .     R - +2 buckler
rPois  +         Spirit   .     c - +0 helmet
rElec  +         Dismiss  .     I - +0 cloak
rCorr  +         Reflect  .     k - +0 pair of gloves
MR     .....     Harm     .     H - +0 pair of boots
Stlth  ..........               (no amulet)
                                L - ring of magical power
                                X - ring of resist corrosion

@: agile, berserking, resistant, protection aura, very quick
A: high mp 1, mutation resistance 1, wild magic 1
a: Heroism, Finesse, Renounce Religion


You were in a labyrinth.
You worshipped Okawaru.
Okawaru was extremely pleased with you.
You were full.

You visited 3 branches of the dungeon, and saw 14 of its levels.
You also visited: Labyrinth and Ice Cave.

You collected 708 gold pieces.
You spent 461 gold pieces at shops.

Inventory:

Hand Weapons
 l - a +1 whip of electrocution
 s - a +3 whip of draining
 B - a +1 morningstar of protection (weapon)
 N - a +0 blowgun
Missiles
 d - 4 throwing nets (quivered)
Armour
 c - a +0 helmet (worn)
 k - a +0 pair of gloves (worn)
 w - a +3 chain mail of fire resistance (worn)
 H - a +0 pair of boots (worn)
 I - a +0 cloak (worn)
 R - a +2 buckler (worn)
 T - a +0 fire dragon armour
Rods
 W - a +5 rod of inaccuracy (11/11)
   (You found it in a labyrinth)
Jewellery
 p - an uncursed ring of see invisible
 E - an uncursed ring of wizardry
 L - a ring of magical power (right hand)
 X - a ring of resist corrosion (left hand)
Wands
 a - a wand of enslavement (13/24)
 e - a wand of acid (2/15)
 g - a wand of polymorph (13/24)
 m - a wand of digging (15/24)
 t - a wand of disintegration (10/24)
 D - a wand of lightning (4/15)
 P - a wand of disintegration (15/24)
Scrolls
 h - 2 scrolls of remove curse
 o - 3 scrolls of blinking
 y - 2 scrolls of teleportation
 G - 3 scrolls of amnesia
 J - 2 scrolls of fog
 M - 2 scrolls of enchant weapon
 O - 4 scrolls of holy word
 Q - 2 scrolls of enchant armour
Potions
 i - 3 potions of curing
 q - 3 potions of flight
 u - a potion of magic
 v - a potion of brilliance
 F - 2 potions of cancellation
 K - 2 potions of resistance
Books
 b - a book of Annihilations

   Spells                             Type                      Level
   a - Poison Arrow                   Conjuration/Poison           6
   b - Chain Lightning                Conjuration/Air              8
   c - Lehudib's Crystal Spear        Conjuration/Earth            8
   d - Glaciate                       Conjuration/Ice              9
   e - Fire Storm                     Conjuration/Fire             9
 j - a book of Spatial Translocations

   Spells                             Type                      Level
   a - Apportation                    Translocation                1
   b - Blink                          Translocation                2
   c - Shroud of Golubria             Charms/Translocation         2
   d - Portal Projectile              Translocation                3
   e - Teleport Other                 Translocation                3
   f - Passage of Golubria            Translocation                4
 x - a book of Enchantments

   Spells                             Type                      Level
   a - Cause Fear                     Hexes                        4
   b - Yara's Violent Unravelling     Hexes/Transmutation          5
   c - Silence                        Hexes/Air                    5
   d - Deflect Missiles               Charms/Air                   6
   e - Haste                          Charms                       6
   f - Discord                        Hexes                        8
 A - a book of Power

   Spells                             Type                      Level
   a - Fulminant Prism                Conjuration/Hexes            4
   b - Iskenderun's Mystic Blast      Conjuration                  4
   c - Venom Bolt                     Conjuration/Poison           5
   d - Bolt of Magma                  Conjuration/Fire/Earth       5
   e - Iron Shot                      Conjuration/Earth            6
   f - Orb of Destruction             Conjuration                  7
   g - Spellforged Servitor           Conjuration/Summoning        7
 U - a book of the Dragon

   Spells                             Type                      Level
   a - Flame Tongue                   Conjuration/Fire             1
   b - Cause Fear                     Hexes                        4
   c - Bolt of Fire                   Conjuration/Fire             6
   d - Dragon Form                    Transmutation                7
   e - Dragon's Call                  Summoning                    9
 V - a book of Dreams

   Spells                             Type                      Level
   a - Ensorcelled Hibernation        Hexes/Ice                    2
   b - Silence                        Hexes/Air                    5
   c - Darkness                       Hexes                        6
   d - Shadow Creatures               Summoning                    6
 Z - a book of Death

   Spells                             Type                      Level
   a - Corpse Rot                     Necromancy                   2
   b - Sublimation of Blood           Necromancy                   2
   c - Agony                          Necromancy                   5
   d - Dispel Undead                  Necromancy                   5
   e - Excruciating Wounds            Charms/Necromancy            5
   f - Bolt of Draining               Conjuration/Necromancy       5
Comestibles
 f - 11 bread rations
 n - 2 slices of pizza
 r - 2 meat rations
 z - 12 fruits
 C - 7 beef jerkies


   Skills:
 + Level 8.0 Fighting
 - Level 12.0 Maces & Flails
 - Level 2.0 Throwing
 + Level 8.9 Armour
 + Level 8.9 Dodging
 - Level 6.0 Shields


You had 10 spell levels left.
You knew the following spells:

 Your Spells              Type           Power        Failure   Level  Hunger
a - Apportation           Tloc           #.........   100%        1    ##.....


Dungeon Overview and Level Annotations

Branches:
Dungeon (11/15)            Temple (1/1) D:7            Lair (2/6) D:11
  Swamp: Lair:2-4    Shoals: Lair:2-4     Snake: Lair:2-4    Spider: Lair:2-4
    Orc: D:9-12

Altars:
Ashenzari
Cheibriados
Dithmenos
Elyvilon
Fedhas
Gozag
Hepliaklqana
Kikubaaqudgha
Makhleb
Nemelex Xobeh
Okawaru
Qazlal
Ru
Sif Muna
Trog
Uskayaw
Vehumet
Xom
Yredelemnul
Zin
The Shining One

Shops:
D:6 [   D:9 [


Innate Abilities, Weirdness & Mutations

You are small and have problems with some larger weapons.
You are somewhat resistant to further mutation.
You have an increased reservoir of magic. (+10% MP)
Your spells are a little harder to cast, but a little more powerful.


Message History

You completely miss the minotaur.
The minotaur is lightly wounded.
The minotaur hits you but does no damage.
The minotaur gores you.
* * * LOW HITPOINT WARNING * * *
Your chain mail prevents you from hitting the minotaur.
The minotaur is lightly wounded.
You block the minotaur's attack.
The minotaur gores you but does no damage.
You impale the minotaur!!
The minotaur is heavily wounded.
The minotaur closely misses you. The minotaur gores you!
* * * LOW HITPOINT WARNING * * *
You bludgeon the minotaur!!
The minotaur is severely wounded.
The minotaur misses you. x2
You sock the minotaur!
The minotaur is almost dead.
The minotaur hits you with a lightning rod!!
You die...

... . .. #.#
#.#. .# # #.#
# #...... #.
#. ##.## #. #
.#. . #. .#.#
.# ## # #.#..
#....#
###.#.#####.
#.
#.....@H..#
..
##########.#.
#. #.
...<.....# #
.. .#####
#### ## . #
.# .. ..
..#.# .# # #
. .#. .# . #
#. #


You could see a minotaur.

Vanquished Creatures
  A centaur warrior (D:11)
  The ghost of crawlian the Arsonist, a novice DEFE of Vehumet (Lair:1)
  2 unseen horrors (Lab)
  Pikel (D:4)
  A necromancer (IceCv)
  2 ugly things (D:11)
  A gargoyle (D:11)
  2 rime drakes (Lair:1)
  7 ice devils (IceCv)
  A komodo dragon (Lair:1)
  A two-headed ogre (D:11)
  3 hippogriffs
  A wraith (D:10)
  8 yaks
  A wyvern (D:11)
  3 hungry ghosts
  Edmund (D:4)
  Duvessa (D:7)
  3 water moccasins (Lair:1)
  3 porcupines
  4 orc warriors
  A sky beast (D:8)
  2 black bears (D:6)
  3 ice beasts
  4 phantoms
  A centaur (D:5)
  6 ogres
  2 crocodiles (Lair:1)
  A big kobold (D:10)
  5 bullfrogs
  A gnoll sergeant (D:10)
  Dowan (D:7)
  A water moccasin zombie (D:5)
  A scorpion (D:5)
  A water moccasin skeleton (D:7)
  4 wights (D:11)
  13 howler monkeys
  An electric eel (Lair:1)
  2 centaur zombies
  3 crimson imps
  A bullfrog zombie (D:8)
  2 draconian simulacra (IceCv)
  7 hounds
  2 jellies
  A bullfrog skeleton (D:5)
  5 orc priests
  3 gnoll shamans
  8 orc wizards
  8 iguanas
  10 worker ants
  3 centaur simulacra (IceCv)
  2 hound skeletons
  A worker ant zombie (D:8)
  19 gnolls
  A howler monkey zombie (D:9)
  4 ogre simulacra (IceCv)
  11 river rats (Lair:1)
  11 adders
  A howler monkey skeleton (D:5)
  A naga simulacrum (IceCv)
  A shadow imp (D:4)
  5 oozes
  2 adder zombies
  An adder skeleton (D:9)
  A worm (D:2)
  4 dart slugs
  6 leopard geckos
  46 orcs
  8 bats
  6 giant cockroaches
  5 goblins
  5 hobgoblins
  6 jackals
  7 quokkas
  3 ball pythons
  6 frilled lizards
  A jackal skeleton (D:4)
  12 kobolds
  A leopard gecko skeleton (D:4)
  2 leopard gecko zombies
  2 rats (D:2)
332 creatures vanquished.

Vanquished Creatures (others)
  A leopard gecko (D:4)
1 creature vanquished.

Grand Total: 333 creatures vanquished

Notes
Turn   | Place    | Note
-------+----------+-------------------------------------------
     0 | D:1      | Amnesiac the Halfling Gladiator began the quest for the Orb.
     0 | D:1      | Reached XP level 1. HP: 14/14 MP: 1/1
    53 | D:2      | Reached skill level 3 in Maces & Flails
    53 | D:2      | Reached XP level 2. HP: 13/19 MP: 2/2
   106 | D:2      | Reached XP level 3. HP: 19/24 MP: 3/3
   266 | D:3      | Reached skill level 4 in Maces & Flails
   266 | D:3      | Reached XP level 4. HP: 3/29 MP: 4/4
  1164 | D:4      | Reached XP level 5. HP: 14/34 MP: 5/5
  1398 | D:4      | Noticed Edmund
  1426 | D:4      | Killed Edmund
  1426 | D:4      | Reached skill level 5 in Maces & Flails
  1426 | D:4      | Reached XP level 6. HP: 8/39 MP: 6/6
  1693 | D:4      | Reached skill level 6 in Maces & Flails
  1711 | D:4      | Got a jewelled leather armour
  1722 | D:4      | Identified the +5 leather armour of Liberty {rElec rF- Int+4 Dex+4} (You found it on level 4 of the Dungeon)
  1981 | D:4      | Noticed Pikel
  1981 | D:4      | Noticed a slave
  1981 | D:4      | Noticed a slave
  1981 | D:4      | Noticed a slave
  1981 | D:4      | Noticed a slave
  1991 | D:4      | Killed Pikel
  1991 | D:4      | Reached skill level 5 in Shields
  1991 | D:4      | Reached XP level 7. HP: 32/45 MP: 7/7
  1991 | D:4      | Reached XP level 8. HP: 37/51 MP: 8/8
  2102 | D:4      | Reached skill level 1 in Armour
  2479 | D:5      | Entered Level 5 of the Dungeon
  3647 | D:5      | Reached XP level 9. HP: 43/56 MP: 9/9
  3982 | D:5      | Reached skill level 7 in Maces & Flails
  4538 | D:6      | You fall through a shaft!
  4604 | D:7      | Reached skill level 8 in Maces & Flails
  4836 | D:6      | Found a sacrificial altar of Ru.
  4965 | D:6      | Found Lim Ibby's Antique Armour Emporium.
  4968 | D:6      | Bought an ancient chain mail for 237 gold pieces
  4978 | D:6      | Identified the cursed +1 chain mail of the Evening {Regen+ SInv} (You bought it in a shop on level 6 of the Dungeon)
  5153 | D:6      | Reached skill level 5 in Armour
  5153 | D:6      | Reached skill level 5 in Dodging
  5372 | D:7      | Found a staircase to the Ecumenical Temple.
  5729 | D:7      | Reached XP level 10. HP: 32/63 MP: 10/10
  5741 | D:7      | Reached skill level 9 in Maces & Flails
  5902 | D:7      | Noticed Dowan
  5909 | D:7      | Noticed Duvessa
  5922 | D:7      | Killed Duvessa
  5933 | D:7      | Killed Dowan
  6664 | Temple   | Entered the Ecumenical Temple
  6808 | Temple   | Became a worshipper of Warmaster Okawaru
  8597 | D:6      | Bought a pair of boots for 112 gold pieces
  8597 | D:6      | Bought a cloak for 112 gold pieces
  8680 | D:8      | Reached skill level 10 in Maces & Flails
  9548 | D:9      | Reached * piety under Okawaru
  9548 | D:9      | Reached skill level 11 in Maces & Flails
  9645 | D:9      | Found a shimmering altar of Xom.
  9646 | D:9      | Found a shattered altar of Ashenzari.
  9650 | D:9      | Found a shadowy altar of Dithmenos.
  9696 | D:9      | Gained mutation: Your spells are a little harder to cast, but a little more powerful. [potion of mutation]
  9696 | D:9      | Gained mutation: You have an increased reservoir of magic. (+10% MP) [potion of mutation]
  9997 | D:9      | Found Xinaar's Armour Emporium.
 10049 | D:9      | Noticed a dagger
 10050 | D:9      | Found a hide-covered altar of Uskayaw.
 10050 | D:9      | Noticed a dagger
 10347 | D:10     | Entered Level 10 of the Dungeon
 10360 | D:9      | Reached XP level 11. HP: 69/69 MP: 12/12
 10534 | D:10     | Reached ** piety under Okawaru
 10595 | D:10     | Found a shattered altar of Ashenzari.
 10620 | D:10     | Reached skill level 12 in Maces & Flails
 10826 | D:10     | Reached skill level 5 in Fighting
 11469 | D:11     | Noticed a centaur warrior
 11490 | D:11     | Killed a centaur warrior
 11490 | D:11     | Reached *** piety under Okawaru
 11737 | D:11     | Found a staircase to the Lair.
 11737 | D:11     | Noticed a red ugly thing
 11766 | D:11     | Killed a red ugly thing
 11859 | D:11     | Reached **** piety under Okawaru
 12018 | D:11     | Noticed a cyan ugly thing
 12049 | D:11     | Killed a cyan ugly thing
 12204 | Lair:1   | Entered Level 1 of the Lair of Beasts
 12376 | Lair:1   | Noticed crawlian's ghost (novice DEFE)
 12392 | Lair:1   | Killed crawlian's ghost
 12525 | Lair:1   | Reached ***** piety under Okawaru
 12525 | Lair:1   | Reached XP level 12. HP: 80/80 MP: 13/13
 12619 | Lair:1   | Found a frozen archway.
 12636 | Lair:1   | HP: 4/81 [rime drake/flash freeze (30)]
 12637 | Lair:1   | HP: 1/81 [rime drake (4)]
 12701 | IceCv    | Entered an ice cave
 12864 | IceCv    | Received a gift from Okawaru
 13090 | IceCv    | HP: 4/81 [ice beast[an ice statue] (10)]
 13770 | IceCv    | Got a twisted short sword
 14272 | IceCv    | Learned a level 1 spell: Apportation
 15853 | Lair:2   | Found a labyrinth entrance.
 15876 | Lab      | Entered a labyrinth
 16200 | Lab      | Killed an unseen horror
 16215 | Lab      | Killed an unseen horror
 16284 | Lab      | Noticed a minotaur
 16309 | Lab      | HP: 6/123 [minotaur/lightning rod (10)]
 16311 | Lab      | Mangled by a minotaur

Vault maps used:
D:1:      minmay_arrival_five_plusses
D:3:      first_bread
D:4:      st_stairs_8, minmay_misc_feat_diagonals, uniq_edmund, uniq_pikel
D:5:      corexii_checkpoint_a, st_stairs_5, roderic_lattice_a
D:6:      nicolae_ru_sacrificial_ziggurat, serial_shops, kennysheep_mini
D:7:      grunt_ogre_cave, kennysheep_generic_room_3, uniq_duvessa
D:9:      dancing_weapons_uskayaw, grunt_temple_overflow_open, serial_shops,
          nicolae_shop_temple_entry_statues_fountains
D:10:     basic_altar
D:11:     lair_0_dummy
Temple:   eino_temple_rhombus
Lair:1:   portal_ice_cave_rime, st_stairs_8, serial_bayou_shore_a,
          lemuel_fruit_fields
Lair:2:   lab_entry_generic, beast_lair_carwin_2
Lab:      labyrinth_mini_lab, labyrinth_skeletal_remains, lab_fountain,
          nicolae_lab_x, nicolae_lab_dead_end, labyrinth_lava_lair
IceCv:    ice_cave_tombish

Skill      XL: |  1  2  3  4  5  6  7  8  9 10 11 12 |
---------------+-------------------------------------+-----
Maces & Flails | 3 4 5 6 8 11 12 | 12.0
Fighting       | 2 3 4 6 8 |  8.0
Shields        | 5 6 |  6.0
Armour         | 4 5 7 8 |  8.9
Dodging        | 4 5 7 8 |  8.9
Throwing       | |  2.0

Action                   |  1- 3 |  4- 6 |  7- 9 | 10-12 || total
-------------------------+-------+-------+-------+-------++-------
Melee: Flail             |    57 |   169 |       |       ||   226
       Hand axe          |       |     3 |       |       ||     3
       Whip              |       |       |   497 |  1352 ||  1849
       Morningstar       |       |       |       |    10 ||    10
Throw: Throwing net      |     1 |     3 |       |     2 ||     6
 Cast: Apportation       |       |       |       |     3 ||     3
  Use: Potion            |     3 |       |     1 |    10 ||    14
       Scroll            |       |       |     6 |    19 ||    25
 Stab: Invisible         |     4 |       |       |       ||     4
       Sleeping          |       |     1 |     1 |       ||     2
       Held in net/web   |       |     3 |       |     4 ||     7
  Eat: Chunk             |       |     4 |    12 |    30 ||    46
       Bread ration      |       |       |       |     2 ||     2
       Meat ration       |       |       |       |     1 ||     1
Armor: Leather armour    |    12 |    49 |    19 |       ||    80
       Chain mail        |       |       |    83 |   251 ||   334
       Skin              |       |       |       |     6 ||     6
Dodge: Dodged            |    44 |   148 |   149 |   338 ||   679
Block: Buckler           |       |       |    99 |   240 ||   339
